AoeStats
← Juyhou

MegaRandom

507278996Analyzed
4v4 RM · 16d ago on Sep 17, 2026· 40m 39s· 8 players
Game mode
Random Map
Map size
Large (8 player)
Population
200
Speed
Normal
Resources
Standard
Victory
Conquest
Starting age
Dark Age
Ending age
Imperial Age
RankedLock teamsTeams togetherTeam positionsShared explorationLock speedFull tech treeHidden civsTurbo modeCheats
Victory
Defeat
🇫🇮 Khitans · Finland
1688
+11
🇫🇮 Vietnamese · Finland
1536
+17
🇫🇮 Bengalis · Finland
1531
+17
🇫🇮 Celts · Finland
1419
+22
🇭🇰 Portuguese · Hong Kong SAR China
1590
-18
🇹🇼 Tupi · Taiwan
1577
-17
🇪🇸 Khmer · Spain
1554
-17
🇫🇷 Burmese · France
1527
-15
berber.sinan
8:11 Loom
10:33 Feudal Age
14:41 Castle Age
12:38 Horse Collar
14:09 Bloodlines
14:12 Gold Mining
18:41 Husbandry
23:02 Scale Barding Armor
24:34 Bloodlines
25:32 Wheelbarrow
26:25 Fletching
28:33 Chain Barding Armor
36:23 Heavy Plow
37:13 Forging
38:49 Iron Casting
alumin
8:16 Loom
10:55 Feudal Age
15:14 Castle Age
14:44 Double-Bit Axe
19:20 Fletching
21:12 Bodkin Arrow
21:23 Horse Collar
23:26 Bow Saw
25:40 Town Watch
29:02 Wheelbarrow
31:20 Heavy Plow
31:14 Stone Mining
32:21 Padded Archer Armor
35:44 Hand Cart
39:26 Imperial Age
38:11 Leather Archer Armor
37:55 Elite Skirmisher
39:25 Ballistics
40:16 Curare
40:33 Conscription
40:13 Elite Skirmisher
41:56 Two-Man Saw
41:00 Bracer
_
12:31 Feudal Age
16:15 Castle Age
14:03 Double-Bit Axe
14:36 Horse Collar
16:38 Loom
17:29 Wheelbarrow
20:45 Bow Saw
21:50 Fletching
27:48 Heavy Plow
28:43 Pikeman
36:18 Imperial Age
34:22 Scale Mail Armor
34:47 Gold Mining
35:34 Forging
36:25 Chain Mail Armor
37:05 Hand Cart
36:47 Halberdier
39:47 Two-Man Saw
39:22 Plate Mail Armor
40:32 Iron Casting
40:51 Stone Mining
King of Puchi
7:21 Loom
11:16 Feudal Age
14:56 Castle Age
14:53 Double-Bit Axe
15:11 Horse Collar
16:01 Scale Barding Armor
22:18 Town Watch
24:26 Forging
25:59 Chain Barding Armor
31:39 Bloodlines
32:52 Wheelbarrow
36:50 Hand Cart
36:49 Bow Saw
36:45 Heavy Plow
30Markus
6:51 Loom
10:01 Feudal Age
10:38 Double-Bit Axe
11:44 Fishing Lines
12:48 Scale Barding Armor
14:44 Bloodlines
14:22 Horse Collar
20:23 Castle Age
18:46 Fletching
20:31 Light Cavalry
23:19 Husbandry
24:04 Medium Warships
24:28 Bow Saw
24:30 Gold Mining
24:37 Stone Mining
27:11 Wheelbarrow
27:56 Clinker Construction
27:58 Careening
28:09 Ballistics
30:22 Hand Cart
31:45 Chatras
32:32 Chain Barding Armor
32:22 Forging
32:18 Heavy Plow
33:44 Gillnets
38:36 Imperial Age
37:54 Iron Casting
38:52 Elite Battle Elephant
40:16 Plate Barding Armor
40:42 Paper Money
Juyhou
7:38 Loom
10:09 Feudal Age
10:50 Double-Bit Axe
13:55 Domestication
14:51 Forging
16:19 Scale Barding Armor
19:47 Town Watch
22:26 Castle Age
22:42 Light Cavalry
24:02 Iron Casting
23:48 Chain Barding Armor
26:32 Husbandry
32:53 Wheelbarrow
36:28 Bow Saw
36:18 Pastoralism
36:45 Gold Mining
41:34 Imperial Age
Pyrrhos
10:11 Feudal Age
9:33 Loom
10:55 Double-Bit Axe
12:12 Fishing Lines
13:11 Fletching
14:39 Town Watch
21:15 Castle Age
19:53 Padded Archer Armor
19:40 Horse Collar
21:55 Bodkin Arrow
21:21 Crossbowman
23:18 Bow Saw
24:18 Ballistics
25:24 Leather Archer Armor
28:14 Wheelbarrow
31:18 Gold Mining
35:52 Imperial Age
35:07 Gold Shaft Mining
36:15 Heavy Plow
36:38 Bracer
37:40 Chemistry
36:28 Arbalester
37:53 Ring Archer Armor
38:30 Conscription
DogMeat-
8:24 Loom
11:08 Feudal Age
12:30 Double-Bit Axe
13:36 Gold Mining
14:53 Fletching
18:34 Horse Collar
21:05 Wheelbarrow
23:29 Castle Age
24:23 Padded Archer Armor
24:30 Bodkin Arrow
24:31 Crossbowman
25:59 Padded Archer Armor
25:49 Town Watch
27:31 Ballistics
30:28 Bow Saw
38:52 Imperial Age
38:41 Hand Cart
Connection lost

Rejoining the realm…

Still unreachable

The connection could not be restored.

Session expired

The server has moved on; the page needs a fresh start.